 Dungeon Crawl Stone Soup version 0.24-a0-368-g0e0cebd0f3 (webtiles) character file.

Game seed: 9081625722806026444

81 MachJacob the Chopper (level 4, -1/40 HPs)
             Began as a Hill Orc Monk on May 29, 2019.
             Killed by nerve-wracking pain
             ... invoked by Grinder
              (4 damage)
             ... on level 3 of the Dungeon.
             The game lasted 00:05:48 (1900 turns).

MachJacob the Chopper (Hill Orc Monk)               Turns: 1900, Time: 00:05:49

Health: -1/40      AC:  3    Str: 13    XL:     4   Next: 42%
Magic:  4/4        EV: 12    Int: 10    God:
Gold:   97         SH:  4    Dex: 14    Spells: 3/3 levels left

rFire    . . .     SeeInvis .   a - +1 hand axe
rCold    . . .     Gourm    .   h - +0 buckler
rNeg     . . .     Faith    .   b - +0 robe
rPois    .         Spirit   .   l - +0 helmet
rElec    .         Reflect  .   (no cloak)
rCorr    .         Harm     .   (no gloves)
MR       .....                  (no boots)
Stlth    ++........             (no amulet)
HPRegen  0.13/turn              (no ring)
MPRegen  0.09/turn              (no ring)

@: no status effects
A: no striking features
a: no special abilities


You were on level 3 of the Dungeon.
You were not hungry.

You visited 1 branch of the dungeon, and saw 3 of its levels.

You collected 97 gold pieces.

Inventory:

Hand Weapons
 a - a +1 hand axe (weapon)
Missiles
 i - 75 stones (quivered)
Armour
 b - a +0 robe (worn)
 h - a +0 buckler (worn)
 l - a +0 helmet (worn)
Jewellery
 p - an uncursed amulet of regeneration {unknown}
Scrolls
 f - a scroll of identify
 m - 2 scrolls of amnesia
Potions
 g - a potion of flight
 j - a potion of brilliance {unknown}
 n - a potion of cancellation {unknown}
 o - a potion of curing
Comestibles
 c - 2 rations
 k - 9 chunks of flesh


   Skills:
 + Level 4.2 Fighting
 * Level 5.4 Axes
 + Level 2.8 Dodging
 - Level 1.5 Stealth
 + Level 1.2 Shields


You had 3 spell levels left.
You didn't know any spells.
Your spell library was empty.

Dungeon Overview and Level Annotations

Branches:
Dungeon (3/15)

Altars:

Annotations:
D:2 Sigmund, Terence
D:3 Grinder


Message History

* * * LOW HITPOINT WARNING * * *
You hit Grinder.
Grinder is heavily wounded.
Grinder gestures at you. You resist with significant effort.
You hit Grinder.
Grinder is severely wounded.
Grinder closely misses you.
You closely miss Grinder.
Grinder is severely wounded.
Grinder closely misses you.
You hit Grinder.
Grinder is severely wounded.
Grinder blinks!
Grinder says, "Just stop there for a second..."
Grinder gestures at you.
You barely resist. Grinder gestures at you. Pain shoots through your body!
You die...

######### .......##
###########......##
..................#
..#...#..@#.......#
..................#
..#...#...#.....)<#
................÷÷#
###########..)...##
.....5.....#
...........#
≈...........#
≈≈≈..........#


You could see Grinder.

Vanquished Creatures
  Robin (D:1)
  2 adders (D:2)
  A worm (D:2)
  A dart slug (D:1)
  4 leopard geckos (D:1 D:2)
  5 bats (D:1 D:2)
  14 goblins (D:1 D:2)
  3 hobgoblins (D:2 D:3)
  A quokka (D:2)
  7 frilled lizards (D:1 D:2 D:3)
  2 kobolds (D:2)
  2 rats (D:1 D:3)
43 creatures vanquished.

Notes
Turn   | Place    | Note
-------+----------+-------------------------------------------
     0 | D:1      | MachJacob the Hill Orc Monk began the quest for the Orb.
     0 | D:1      | Reached XP level 1. HP: 19/19 MP: 1/1
   127 | D:1      | Reached XP level 2. HP: 27/27 MP: 2/2
   580 | D:1      | You fall into a shaft and drop 1 floor!
   594 | D:2      | Reached XP level 3. HP: 22/33 MP: 3/3
   604 | D:2      | HP: 1/49 [poisoned by an adder]
   622 | D:2      | Reached skill level 5 in Axes
  1308 | D:2      | Noticed Terence
  1442 | D:2      | Reached skill level 1 in Shields
  1471 | D:2      | Noticed Robin
  1517 | D:1      | Killed Robin
  1517 | D:1      | Reached XP level 4. HP: 25/40 MP: 4/4
  1722 | D:2      | Noticed Sigmund
  1872 | D:3      | Noticed Grinder
  1872 | D:3      | Paralysed by Grinder for 6 turns
  1893 | D:3      | HP: 2/40 [Grinder (3)]
  1900 | D:3      | Killed from afar by Grinder

Levels and vault maps discovered:
D:1:      tarquinn_simple_flora_water_b, layout_loops_ring, st_stairs_6
D:2:      layout_basic, first_ration, uniq_sigmund, uniq_robin, uniq_terence
D:3:      wander_river, layout_rooms, overflow_temple_1_default,
          lemuel_coloured_pillars_altar, chequers_temple_overflow_minitemple,
          uniq_grinder, uniq_jessica

Skill      XL: |  1  2  3 |
---------------+----------+-----
Fighting       | 4 |  4.2
Axes           | 5 |  5.4
Shields        | 1 |  1.2
Dodging        | |  2.8
Stealth        | |  1.5

Action                   |  1- 3 |  4- 6 || total
-------------------------+-------+-------++-------
Melee: Hand axe          |   122 |    54 ||   176
  Use: Potion            |     2 |       ||     2
       Scroll            |       |     4 ||     4
  Eat: Chunk             |     2 |     1 ||     3
Armor: Robe              |    14 |     8 ||    22
       Skin              |    10 |       ||    10
Dodge: Dodged            |    56 |    21 ||    77
Block: Buckler           |    18 |     5 ||    23

Table legend:
 A = Non-vault XP
 B = Vault XP
 C = Vault XP percentage of total XP
 D = Non-vault monster count
 E = Vault monster count
 F = Vault count percentage of total count
                 A         B        C        D         E       F
            +---------+---------+-------+---------+---------+-------
      Total |      77 |      40 |  34.2 |      29 |      14 |  32.6
            +---------+---------+-------+---------+---------+-------
        D:1 |      23 |      17 |  42.5 |      12 |       2 |  14.3
        D:2 |      50 |      23 |  31.5 |      14 |      12 |  46.2
        D:3 |       4 |       0 |   0.0 |       3 |       0 |   0.0
            +---------+---------+-------+---------+---------+-------
